 Dungeon Crawl Stone Soup version 0.30-a0-373-gd37427bb62 (webtiles) character file.

Game seed: 7229196736731213466

1169 Shayle the Trooper (level 8, -1/62 HPs)
             Began as a Demonspawn Reaver on Nov 24, 2022.
             Was an Initiate of Ashenzari.
             Slain by a gnoll bouda
             ... wielding a +0 whip of electrocution
              (16 damage)
             ... on level 6 of the Dungeon.
             The game lasted 00:10:32 (4092 turns).

Shayle the Trooper (Demonspawn Reaver)              Turns: 4092, Time: 00:10:33

Health: -1/62      AC:  5    Str: 14    XL:     8   Next: 17%
Magic:  20/20      EV: 12    Int: 16    God:    Ashenzari [......]
Gold:   228        SH:  0    Dex: 17    Spells: 10/11 levels left

rFire   . . .      SeeInvis .    y - +2 long sword (elec)
rCold   . . .      Faith    .    (no shield)
rNeg    . . .      Spirit   .    b - +0 leather armour
rPois   .          Reflect  .    (no helmet)
rElec   .          Harm     .    (no cloak)
rCorr   .          Rampage  .    (no gloves)
Will    .....                    B - +1 pair of boots
Stlth   +++.......               C - amulet of regeneration
HPRegen 1.10/turn                p - +6 ring of dexterity
MPRegen 0.17/turn                D - ring of magical power

@: weakened
A: hooves 2, ignite blood 1
a: Renounce Religion


You were on level 6 of the Dungeon.
You worshipped Ashenzari.
Ashenzari was noncommittal.
You visited 2 branches of the dungeon, and saw 7 of its levels.

You collected 366 gold pieces.
You spent 138 gold pieces at shops.

Inventory:

Hand Weapons
 a - a +0 hand axe
 c - a +0 vorpal mace
 e - a +4 vorpal flail
 i - a +1 hand axe of flaming
 y - a +2 long sword of electrocution (weapon)
 G - the +2 sling "Memite Zumut" {elec, rC+ Str+5}
   (You found it on level 5 of the Dungeon)

   Any ammunition fired from it occasionally discharges a powerful burst of
   electricity upon striking a foe.
   Str:       It affects your strength (+5).
   rC:        It protects you from cold.
Missiles
 H - 5 silver javelins
Armour
 b - a +0 leather armour (worn)
 h - a +0 buckler
 B - a +1 pair of boots (worn)
Jewellery
 p - a +6 ring of dexterity (left hand)
 q - an amulet of guardian spirit
 C - an amulet of regeneration (around neck)
 D - a ring of magical power (right hand)
 F - a +4 ring of protection
Wands
 m - a wand of charming (12)
 x - a wand of flame (28)
Scrolls
 d - 4 scrolls of immolation
 f - 3 scrolls of butterflies {unknown}
 o - a scroll of enchant weapon {unknown}
 t - 2 scrolls of torment {unknown}
 u - a scroll of vulnerability {unknown}
 v - 2 scrolls of teleportation
Potions
 g - 4 potions of curing
 j - 3 potions of might
 k - 2 potions of cancellation
 l - a potion of heal wounds
 n - 2 potions of mutation {unknown}
 r - 2 potions of attraction
 s - a potion of berserk rage
 w - a potion of haste {unknown}
 z - a potion of magic {unknown}
 A - a potion of brilliance {unknown}
 E - a potion of invisibility {unknown}


   Skills:
 + Level 5.2 Fighting
 + Level 5.1 Axes
 + Level 4.2 Armour
 - Level 1.7 Dodging
 + Level 4.6 Stealth
 - Level 2.0 Spellcasting
 - Level 3.0 Conjurations


You had 10 spell levels left.
You knew the following spells:

 Your Spells              Type           Power      Damage    Failure   Level
a - Kiss of Death         Conj/Necr      24%        2d7       14%         1

Your spell library contained the following spells:

 Spells                   Type           Power      Damage    Failure   Level
 Momentum Strike          Conj/Tloc      12%        3d8       21%         2
 Static Discharge         Conj/Air       12%        2-3/arc   21%         2
 Hailstorm                Conj/Ice       6%         3d4       38%         3
 Kindle Blastsparks       Fire/Tloc/Air  2%         2d10      58%         3
 Vhi's Electric Charge    Tloc/Air       2%         N/A       58%         3
 Fulminant Prism          Conj/Hex       3%         3d5       80%         4
 Iskenderun's Mystic Bla  Conj/Tloc      6%         2d4       80%         4
 Arcjolt                  Conj/Air       3%         1d13      98%         5
 Lightning Bolt           Conj/Air       3%         1d14      98%         5
 Lee's Rapid Deconstruct  Erth           0%         3d4*      100%        5


Dungeon Overview and Level Annotations

Branches:
Dungeon (6/15)             Temple (1/1) D:4

Altars:
Ashenzari
Cheibriados
Dithmenos
Fedhas
Gozag
Hepliaklqana
Kikubaaqudgha
Makhleb
Nemelex Xobeh
Okawaru
Qazlal
Ru
Sif Muna
Trog
Uskayaw
Vehumet
Wu Jian
Xom
Yredelemnul

Shops:
D:3 [?!


Innate Abilities, Weirdness & Mutations

You have hoof-like feet.
Your demonic aura sometimes causes spilled blood to erupt in flames.


Message History

The iguana barely misses you. The iguana bites you.
The orc warrior hits you but does no damage.
You hit the iguana but do no damage. The iguana bites you.
The orc warrior hits you but does no damage.
You hit the iguana.
The iguana is lightly wounded.
Your attacks no longer feel as feeble.
The orc warrior hits you but does no damage.
The iguana bites you.
The gnoll bouda gazes fiercely through you!
You feel your attacks grow feeble.
The orc warrior hits you from afar with a +0 trident!
The iguana barely misses you.
You feel much better. The iguana bites you!
The orc warrior hits you but does no damage.
There is an open door, spattered with blood here.
You hit the iguana but do no damage.
The iguana is lightly wounded.
The iguana barely misses you.
The gnoll bouda gazes fiercely through you!
You feel as though you will be weak longer.
The iguana misses you.
There is an open door, spattered with blood here.
The iguana attacks as you move away! The iguana bites you!
You hit the iguana but do no damage.
The iguana is lightly wounded.
The iguana closely misses you.
You hit the iguana but do no damage.
The iguana is lightly wounded.
The iguana misses you. The iguana bites you!
You hit the iguana.
The iguana is moderately wounded.
The iguana is engulfed in blazing flames.
You kill the iguana!
The gnoll bouda gazes fiercely through you!
You feel as though you will be weak longer.
The gnoll bouda hits you with a +0 whip of electrocution!
* * * LOW HITPOINT WARNING * * *
You are electrocuted!
You die...

########....########...>..#.#
##...............##...#
##.#####.....########### #.##
#....#### #.# #.......# #.#
#.....#.# #.# #.#'#...# #.##
+###.##..# ##.#####g@.))#..#
##..##o###.##..#
##.##.?#####...#
#..#.!..#......#
#..#..!.#.###.## #..##.[##.#
#..# #...####..# ##.#
#.........# #..#
##.####...###.##


You could see an orc warrior and a gnoll bouda.

Vanquished Creatures
  Sigmund (D:4)
  2 ogres (D:4)
  3 phantoms
  A bullfrog (D:6)
  A necrophage (D:5)
  A scorpion (D:3)
  A howler monkey (D:4)
  2 hounds (D:5)
  An orc priest (D:6)
  A jelly (D:6)
  4 iguanas
  An orc wizard (D:6)
  7 adders
  A white imp (D:6)
  3 ufetubi
  3 worms
  7 orcs
  A ball python (D:4)
  5 endoplasms
  A giant cockroach (D:2)
  6 goblins
  3 hobgoblins
  A jackal (D:2)
  4 quokkas
  3 bats
  4 frilled lizards
  5 kobolds
  5 rats
78 creatures vanquished.

Vanquished Creatures (collateral kills)
  A hobgoblin (D:4)
1 creature vanquished.

Grand Total: 79 creatures vanquished

Notes
Turn   | Place    | Note
-------+----------+-------------------------------------------
     0 | D:1      | Shayle the Demonspawn Reaver began the quest for the Orb.
     0 | D:1      | Reached XP level 1. HP: 16/16 MP: 3/3
   418 | D:1      | Gained mutation: You have large cloven feet. [demonic
                  | ancestry]
   418 | D:1      | Reached XP level 2. HP: 17/22 MP: 5/5
   869 | D:2      | Reached skill level 1 in Stealth
   872 | D:2      | Reached skill level 1 in Armour
   872 | D:2      | Reached XP level 3. HP: 24/28 MP: 6/6
  1062 | D:2      | Found a shimmering blue altar of Sif Muna.
  1348 | D:3      | Gained mutation: Your demonic aura sometimes causes spilled
                  | blood to erupt in flames. [demonic ancestry]
  1348 | D:3      | Reached XP level 4. HP: 30/34 MP: 7/7
  1368 | D:3      | Found Ywolari's Magic Scroll Shoppe.
  1375 | D:3      | Bought a scroll of identify for 22 gold pieces
  1375 | D:3      | Bought a scroll of teleportation for 33 gold pieces
  1375 | D:3      | Bought a scroll of immolation for 44 gold pieces
  1436 | D:3      | Found Ynabuah's Distillery.
  1442 | D:3      | Bought a potion of curing for 39 gold pieces
  1751 | D:3      | Found Xygim's Armour Shop.
  1864 | D:4      | Noticed a scorpion
  1877 | D:3      | Killed a scorpion
  1878 | D:3      | Gained mutation: You have hoof-like feet. [demonic
                  | ancestry]
  1878 | D:3      | Reached XP level 5. HP: 15/41 MP: 8/8
  2053 | D:4      | Noticed an ogre
  2062 | D:4      | Killed an ogre
  2193 | D:4      | Noticed an ogre
  2240 | D:4      | Killed an ogre
  2241 | D:4      | Reached XP level 6. HP: 40/48 MP: 9/9
  2582 | D:4      | Found a staircase to the Ecumenical Temple.
  2591 | Temple   | Entered the Ecumenical Temple
  2919 | D:5      | Entered Level 5 of the Dungeon
  2920 | D:5      | Noticed Sigmund
  2932 | D:4      | Killed Sigmund
  2933 | D:4      | Reached XP level 7. HP: 46/55 MP: 10/10
  3029 | D:5      | Identified the +2 sling "Memite Zumut" {elec, rC+ Str+5}
  3319 | D:5      | Found a sacrificial altar of Ru.
  3582 | D:5      | Found an ornate altar of the Wu Jian Council.
  3583 | D:5      | Found a broken altar of Ashenzari.
  3589 | D:5      | Found an ancient bone altar of Kikubaaqudgha.
  3589 | D:5      | Found an iron altar of Okawaru.
  3589 | D:5      | Found a snail-covered altar of Cheibriados.
  3589 | D:5      | Found a hazy altar of Hepliaklqana.
  3590 | D:5      | Found a burning altar of Makhleb.
  3591 | D:5      | Found a radiant altar of Vehumet.
  3601 | D:5      | Became a worshipper of Ashenzari the Shackled
  3676 | D:5      | Reached skill level 5 in Fighting
  3982 | D:6      | Reached skill level 5 in Axes
  3982 | D:6      | Reached XP level 8. HP: 35/62 MP: 11/11
  4092 | D:6      | Slain by a gnoll bouda

Illustrated notes

Levels and vault maps discovered:
D:1:      dpeg_arrival_solitude, layout_loops_cross
D:2:      layout_rooms, basic_altar, st_stairs_2, kennysheep_generic_room_16
D:3:      layout_basic, serial_shops, shop, shop, nicolae_shop_advertising_works
          [nicolae_subvault_shop_adworks]
D:4:      layout_cave_pools, minmay_temple_entry_antechambers
D:5:      layout_rooms, minitemple, grunt_ministairs_13,
          kennysheep_small_circle, uniq_sigmund
D:6:      layout_rooms, hangedman_abyss_or_decor_jellyfish_corner,
          minmay_misc_feat_tiny, minmay_statues_item, minmay_joined_circles
Temple:   hellmonk_temple_forest_ring

Skill      XL: |  1  2  3  4  5  6  7 |
---------------+----------------------+-----
Axes           | 3 4 5 |  5.1
Stealth        | 1 2 3 4 |  4.6
Armour         | 1 2 3 4 |  4.2
Fighting       | 3 4 5 |  5.2
Dodging        | |  1.7
Spellcasting   | |  2.0
Conjurations   | |  3.0

Action                   |  1- 3 |  4- 6 |  7- 9 || total
-------------------------+-------+-------+-------++-------
Melee: Flail             |    60 |    34 |       ||    94
       Mace              |     2 |       |       ||     2
       Kick              |     5 |    21 |     3 ||    29
       Punch             |       |     2 |     3 ||     5
       Long sword        |       |    33 |   103 ||   136
Evoke: Wand              |       |     4 |       ||     4
  Use: Scroll            |       |     6 |       ||     6
       Potion            |       |       |     1 ||     1
 Stab: Sleeping          |     1 |     1 |     1 ||     3
Armor: Leather armour    |    28 |    13 |    37 ||    78
Dodge: Dodged            |    42 |    51 |   115 ||   208

Table legend: (Time is in decaauts)
 A = Elapsed time spent in this place.
 B = Non-inter-level travel time spent in this place.
 C = Inter-level travel time spent in this place.
 D = Time resting spent in this place.
 E = Time spent auto-exploring this place.
 F = Levels seen in this place.
 G = Mean time per level.
                   A        B        C        D        E       F      G
               +--------+--------+--------+--------+--------+-----+--------+
         Total |   4175 |   4058 |    117 |    408 |   2568 |   7 |  596.4 |
       Dungeon |   4030 |   3913 |    117 |    408 |   2449 |   6 |  671.7 |
        Temple |    144 |    144 |      0 |      0 |    119 |   1 |  144.0 |
               +--------+--------+--------+--------+--------+-----+--------+

Top non-repeatable levels by time:
     D:4: 875 daAuts
     D:5: 839 daAuts
     D:3: 800 daAuts
     D:1: 654 daAuts
     D:2: 564 daAuts
     D:6: 295 daAuts
  Temple: 144 daAuts
